 Dungeon Crawl Stone Soup version 0.29-a0-1039-gfc20370e89 (webtiles) character file.

Game seed: 17408514838529788570

39 BritishOli the Trooper (level 3, 0/29 HPs)
             Began as a Demonspawn Fighter on Aug 15, 2022.
             Slain by Terence
             ... wielding a +0 flail
              (2 damage)
             ... on level 2 of the Dungeon.
             The game lasted 00:01:00 (1158 turns).

BritishOli the Trooper (Demonspawn Fighter)         Turns: 1158, Time: 00:01:01

Health: 0/29       AC:  6    Str: 18    XL:     3   Next: 26%
Magic:  3/3        EV:  9    Int:  9    God:
Gold:   60         SH:  4    Dex: 12    Spells: 2/2 levels left

rFire   . . .      SeeInvis .   a - +0 long sword
rCold   . . .      Faith    .   c - +0 buckler
rNeg    . . .      Spirit   .   b - +0 scale mail
rPois   .          Reflect  .   (no helmet)
rElec   .          Harm     .   (no cloak)
rCorr   .          Rampage  .   (no gloves)
Will    .....                   (no boots)
Stlth   ..........              (no amulet)
HPRegen 0.09/turn               (no ring)
MPRegen 0.08/turn               (no ring)

@: no status effects
A: foul stench 1
a: no special abilities


You were on level 2 of the Dungeon.
You visited 1 branch of the dungeon, and saw 2 of its levels.

You collected 60 gold pieces.

Inventory:

Hand Weapons
 a - a +0 long sword (weapon)
Armour
 b - a +0 scale mail (worn)
 c - a +0 buckler (worn)
Scrolls
 e - a scroll of immolation {unknown}
 g - 2 scrolls of identify {unknown}
Potions
 d - 2 potions of might
 f - a potion of lignification {unknown}
 h - a potion of degeneration {unknown}
 i - 2 potions of curing {unknown}


   Skills:
 + Level 3.4 Fighting
 + Level 2.2 Long Blades
 + Level 3.0 Armour
 + Level 3.0 Shields


You had 2 spell levels left.
You didn't know any spells.
Your spell library was empty.

Dungeon Overview and Level Annotations

Branches:
Dungeon (2/15)

Altars:

Annotations:
D:2 Terence


Innate Abilities, Weirdness & Mutations

You may rarely emit foul miasma when damaged in melee.


Message History

The hobgoblin hits you.
You emit a cloud of foul miasma!
There are monsters nearby!
You slash Terence!
Terence is moderately wounded.
Terence hits you with a +0 flail!
The hobgoblin is engulfed in dark miasma.
The hobgoblin is poisoned.
The hobgoblin seems to slow down.
You kill the hobgoblin!
Terence is nearby!
You hit Terence.
Terence is moderately wounded.
Terence hits you with a +0 flail.
Terence is nearby!
Terence is nearby!
You are too injured to fight recklessly!
Terence is nearby!
You are too injured to fight recklessly!
Terence is nearby!
You are too injured to fight recklessly!
You are too injured to fight recklessly!
You are too injured to fight recklessly!
You barely miss Terence.
Terence is moderately wounded.
Terence shouts, "Get ready for death!"
Terence barely misses you.
You hit Terence.
Terence is heavily wounded.
Terence hits you with a +0 flail. x2
You hit Terence.
Terence is severely wounded.
Terence hits you with a +0 flail.
* * * LOW HITPOINT WARNING * * *
You hit Terence.
Terence is severely wounded.
Terence hits you with a +0 flail.
* * * LOW HITPOINT WARNING * * *
You hit Terence.
Terence is almost dead.
Terence hits you with a +0 flail.
You die...

#... ####..## # ......
. #. #.#..###..
#..##.#.....
#.........
##.#..)@######
#.....@......#
.........##...#
.......####...#
....... #...# .......
#...# ##...##
#...######
.....######........###
.
###............###...#
. ..........# #...# #


You could see Terence.

Vanquished Creatures
  An adder (D:2)
  4 ball pythons (D:1)
  2 endoplasms (D:1)
  6 goblins
  4 hobgoblins
  2 bats (D:1)
  2 frilled lizards (D:1)
  4 kobolds
  3 rats
28 creatures vanquished.

Vanquished Creatures (others)
  4 plants (D:1)
4 creatures vanquished.

Grand Total: 32 creatures vanquished

Notes
Turn   | Place    | Note
-------+----------+-------------------------------------------
     0 | D:1      | BritishOli the Demonspawn Fighter began the quest for the
                  | Orb.
     0 | D:1      | Reached XP level 1. HP: 18/18 MP: 1/1
    58 | D:1      | Gained mutation: You may rarely emit foul miasma when
                  | damaged in melee. [demonic ancestry]
    58 | D:1      | Reached XP level 2. HP: 2/24 MP: 2/2
   751 | D:2      | Reached XP level 3. HP: 6/29 MP: 3/3
  1145 | D:2      | Noticed Terence
  1158 | D:2      | Slain by Terence

Illustrated notes

Levels and vault maps discovered:
D:1:      wander_arrival_fairy_ring, layout_rooms,
          corexii_item_surrounded_by_moat, minmay_stone_trees_small,
          chequers_decorated_corner
D:2:      layout_loops_cross, hellmonk_ecumenical_altar_leap_of_faith,
          kennysheep_generic_room_10, uniq_terence, uniq_crazy_yiuf_cottage

Skill      XL: |  1  2 |
---------------+-------+-----
Long Blades    | 2 |  2.2
Shields        | 3 |  3.0
Armour         | 3 |  3.0
Fighting       | |  3.4

Action                   || total
-------------------------++-------
Melee: Long sword        ||    85
Armor: Scale mail        ||    62
Dodge: Dodged            ||    42
Block: Buckler           ||    24

Table legend: (Time is in decaauts)
 A = Elapsed time spent in this place.
 B = Non-inter-level travel time spent in this place.
 C = Inter-level travel time spent in this place.
 D = Time resting spent in this place.
 E = Time spent auto-exploring this place.
 F = Levels seen in this place.
 G = Mean time per level.
                   A        B        C        D        E       F      G
               +--------+--------+--------+--------+--------+-----+--------+
         Total |   1186 |   1165 |     21 |    456 |    496 |   2 |  593.0 |
       Dungeon |   1186 |   1165 |     21 |    456 |    496 |   2 |  593.0 |
               +--------+--------+--------+--------+--------+-----+--------+

Top non-repeatable levels by time:
     D:1: 755 daAuts
     D:2: 431 daAuts
